 Dungeon Crawl Stone Soup version 0.18.1-8-gdd0e5ea (webtiles) character file.

83619 MARSONE the Peltast (level 15, -2/97 HPs)
             Began as a Gargoyle Fighter on May 23, 2016.
             Was a High Priest of Trog.
             Slain by a redback (11 damage)
             ... on level 3 of the Spider Nest on May 24, 2016.
             The game lasted 02:22:20 (20648 turns).

MARSONE the Peltast (Gargoyle Fighter)             Turns: 20648, Time: 02:22:21

Health: -2/97      AC:  9    Str: 24    XL:     15   Next: 77%
Magic:  15/15      EV:  6    Int: 11    God:    Trog [*****.]
Gold:   1048       SH: 20    Dex:  9    Spells: 0 memorised, 14 levels left

rFire  + . .     SeeInvis .     W - +4 eveningstar (protect)
rCold  . . .     Gourm    .     S - +1 plate armour {MR+}
rNeg   + . .     Faith    .     o - -1 large shield
rPois  ∞         Spirit   .     O - +0 helmet
rElec  +         Dismiss  +     (no cloak)
rCorr  .         Reflect  .     e - +0 pair of gloves
SustAt +         Harm     .     U - +0 pair of boots
MR     ++...                    a - amulet of dismissal
Stlth  ..........               I - ring of protection from fire
                                t - ring of sustain attributes

@: corroded, very resistant to hostile enchantments, extremely unstealthy
A: big wings, negative energy resistance 1, electricity resistance, unbreathing,
petrification resistance, rot immunity, AC +11
a: Fly, Berserk, Trog's Hand, Brothers in Arms, Burn Spellbooks, Renounce
Religion


You were on level 3 of the Spider Nest.
You worshipped Trog.
Trog was extremely pleased with you.
You were hungry.

You visited 4 branches of the dungeon, and saw 20 of its levels.

You collected 1048 gold pieces.

Inventory:

Hand Weapons
 W - a +4 eveningstar of protection (weapon)
Missiles
 k - 16 tomahawks (quivered)
Armour
 e - a +0 pair of gloves (worn)
 o - a -1 large shield (worn)
 O - a +0 helmet (worn)
 S - a +1 plate armour of magic resistance (worn)
 U - a +0 pair of boots (worn)
Jewellery
 a - an amulet of dismissal (around neck)
 t - a ring of sustain attributes (left hand)
 y - an uncursed amulet of the gourmand
 I - a ring of protection from fire (right hand)
 Z - a +2 ring of evasion
Wands
 c - a wand of iceblast (9/15)
 h - a wand of lightning (3/15)
 s - a wand of teleportation (8/9)
 u - a wand of flame (7/48)
 w - a wand of disintegration (10/24)
 A - a wand of flame (28/48)
 D - a wand of flame (14/48)
 G - a wand of acid (5/15)
 J - a wand of digging (12/24)
 L - a wand of lightning (9/15)
 N - a wand of paralysis (7/24)
 Q - a wand of disintegration (9/24)
 R - a wand of flame (32/48)
 V - a wand of digging (10/24)
 X - a wand of enslavement (15/24)
 Y - a wand of random effects (38/48)
Scrolls
 b - 8 scrolls of identify
 g - 2 scrolls of remove curse
 i - 6 scrolls of recharging
 j - a scroll of magic mapping
 l - 2 scrolls of enchant weapon
 n - 2 scrolls of enchant armour
 K - a scroll of blinking
 T - 2 scrolls of teleportation
Potions
 d - 6 potions of might
 r - 3 potions of heal wounds
 v - a potion of cure mutation
 x - 3 potions of brilliance
 B - 3 potions of flight
 C - 2 potions of curing
 H - a potion of haste
 M - 2 potions of lignification
 P - a potion of mutation
Miscellaneous
 q - an ornate deck of summoning
Comestibles
 f - 12 bread rations
 m - 12 meat rations
 p - 3 slices of pizza
 z - 5 royal jellies
 E - 2 beef jerkies
 F - 23 fruits


   Skills:
 + Level 12.7 Fighting
 + Level 13.8 Maces & Flails
 + Level 12.5 Armour
 + Level 17.3 Shields


You had 14 spell levels left.
You didn't know any spells.

Dungeon Overview and Level Annotations

Branches:
Dungeon (11/15)            Temple (1/1) D:6            Lair (5/8) D:10
  Swamp (0/4) Lair:3       Spider (3/4) Lair:5
    Orc: D:9-12

Altars:
Cheibriados
Elyvilon
Fedhas
Makhleb
Okawaru
Pakellas
Qazlal
Ru
Sif Muna
Trog
Xom
Zin

Shops:
D:8 }   D:9 *


Innate Abilities, Weirdness & Mutations

You are resistant to torment.
Your stone body is resilient (AC +11).
You are immune to poison.
Your large and strong wings let you fly indefinitely.
You resist negative energy.
You are resistant to electric shocks.
You can survive without breathing.
You are immune to petrification.
You are immune to rotting.


Message History

The entropy weaver mumbles some strange words.
The entropic weave corrodes you!
You bump into the rock wall.
The redback bites you!
The tarantella bites you but does no damage.
You're too confused!
You bump into the rock wall.
The tarantella bites you! The wolf spider closely misses you.
The wolf spider bites you.
* * * LOW HITPOINT WARNING * * *
You're too confused!
You hit the redback but do no damage.
The redback is almost dead.
The wolf spider hits you!!
* * * LOW HITPOINT WARNING * * *
The wolf spider bites you!
* * * LOW HITPOINT WARNING * * *
You feel better. You block the redback's attack.
You block the wolf spider's attack.
The wolf spider bites you but does no damage.
The redback bites you!
You die...

......#.# ......p.###
$.=.......## ...s.......#
....#s....^# ......s....#
^.......^..# ........s#####
#### .........sss@###..##
..........pss###....##
...........s###....^..##
##............#.#...^....##
..........................#
......................#####
..................#####
............^.....#
............#....##


You could see an entropy weaver, a wolf spider, 2 orb spiders, 3 tarantellas and
a redback.

Vanquished Creatures
  Nikola (Spider:2)
  Jorgrun (Spider:3)
  2 ghost moths (Spider:2)
  An emperor scorpion (Spider:2)
  2 spark wasps (Spider:3)
  Harold (Lair:2)
  3 hydras
  The ghost of George the Destroyer, a novice DECj of Vehumet (D:10)
  The ghost of Scuka the Basher, a novice GrFi of Okawaru (D:8)
  A hill giant (D:10)
  A necromancer (Lair:3)
  14 orb spiders
  An oklob plant (Lair:4)
  12 wolf spiders
  14 elephants
  2 torpor snails
  A black mamba (Lair:3)
  Psyche (D:8)
  4 spiny frogs
  2 rime drakes
  A centaur skeleton (D:11)
  5 komodo dragons
  4 demonic crawlers
  A two-headed ogre (D:9)
  15 jumping spiders
  Prince Ribbit (D:9)
  15 blink frogs
  Sigmund (D:3)
  18 redbacks
  16 tarantellas
  2 wyverns (D:9)
  Eustachio (D:6)
  40 yaks
  3 basilisks
  2 hippogriffs
  5 swamp worms (Lair:3)
  Edmund (D:6)
  7 water moccasins
  An ice beast (D:8)
  11 porcupines
  3 sky beasts
  A black bear (D:8)
  5 orc warriors
  10 ogres
  7 centaurs
  10 wolves
  10 crocodiles
  2 big kobolds
  8 giant frogs
  A water moccasin zombie (D:5)
  5 scorpions
  7 howler monkeys
  6 electric eels
  4 crimson imps
  3 giant frog zombies
  8 hounds
  A centaur zombie (D:8)
  A jelly (D:8)
  Crazy Yiuf (D:3)
  7 orc priests
  Jessica (D:2)
  Ijyb (D:3)
  Terence (D:3)
  7 iguanas
  8 orc wizards
  12 worker ants
  12 sheep
  A crocodile zombie (Lair:3)
  2 hound zombies
  2 hound skeletons (D:10)
  4 gnolls (D:3)
  22 river rats
  11 adders
  3 shadow imps
  2 oozes
  2 worms
  3 giant geckos
  47 orcs
  A ball python (D:5)
  3 bats
  4 giant cockroaches
  10 hobgoblins
  10 jackals
  5 quokkas
  A giant gecko zombie (D:6)
  4 giant newts
  10 goblins
  26 kobolds
  A quokka skeleton (D:8)
  9 rats
541 creatures vanquished.

Vanquished Creatures (others)
  2 wolf spiders
  A tarantella (Spider:2)
  2 fungi
  3 plants (D:10)
8 creatures vanquished.

Grand Total: 549 creatures vanquished

Notes
Turn   | Place    | Note
--------------------------------------------------------------
     0 | D:1      | MARSONE the Gargoyle Fighter began the quest for the Orb.
     0 | D:1      | Reached XP level 1. HP: 14/14 MP: 1/1
   636 | D:2      | Reached XP level 2. HP: 16/19 MP: 2/2
   720 | D:2      | Found a white marble altar of Elyvilon.
  1054 | D:2      | Noticed Jessica
  1061 | D:2      | Killed Jessica
  1061 | D:2      | Reached skill level 4 in Shields
  1061 | D:2      | Reached XP level 3. HP: 18/24 MP: 3/3
  1277 | D:2      | Reached XP level 4. HP: 29/29 MP: 4/4
  1959 | D:3      | Noticed Crazy Yiuf
  1971 | D:3      | Killed Crazy Yiuf
  2031 | D:3      | Reached XP level 5. HP: 33/33 MP: 5/5
  2173 | D:3      | Noticed Terence
  2178 | D:3      | Noticed Ijyb
  2179 | D:3      | Killed Terence
  2179 | D:3      | Reached skill level 5 in Shields
  2202 | D:3      | Killed Ijyb
  2210 | D:3      | Reached XP level 6. HP: 34/39 MP: 6/6
  2423 | D:3      | Noticed Sigmund
  2478 | D:3      | Gained mutation: You are occasionally teleported next to monsters. [potion of mutation]
  2478 | D:3      | Gained mutation: You occasionally shout uncontrollably at your foes. [potion of mutation]
  2478 | D:3      | Lost mutation: You are occasionally teleported next to monsters. [potion of mutation]
  2496 | D:3      | Killed Sigmund
  2558 | D:3      | Reached XP level 7. HP: 16/44 MP: 7/7
  3067 | D:4      | Lost mutation: You occasionally shout uncontrollably at your foes. [potion of cure mutation]
  3074 | D:4      | Reached skill level 5 in Fighting
  3074 | D:4      | Reached skill level 6 in Shields
  3247 | D:4      | Reached skill level 5 in Armour
  3322 | D:4      | Reached XP level 8. HP: 45/49 MP: 8/8
  3697 | D:4      | Reached skill level 5 in Maces & Flails
  3697 | D:4      | Reached skill level 7 in Shields
  4081 | D:5      | Entered Level 5 of the Dungeon
  4107 | D:5      | Found a shimmering altar of Xom.
  4193 | D:5      | Found a bloodstained altar of Trog.
  4195 | D:5      | Found a blossoming altar of Fedhas.
  4210 | D:5      | Became a worshipper of Trog the Wrathful
  4328 | D:5      | Noticed a yak
  4334 | D:5      | Noticed a yak
  4392 | D:5      | Killed a yak
  4474 | D:5      | Reached skill level 8 in Shields
  4474 | D:5      | Reached XP level 9. HP: 26/55 MP: 9/9
  4813 | D:5      | Reached * piety under Trog
  6157 | D:6      | Found a staircase to the Ecumenical Temple.
  6163 | Temple   | Entered the Ecumenical Temple
  6273 | D:6      | Reached ** piety under Trog
  6355 | D:6      | Found an iron altar of Okawaru.
  6409 | D:6      | Found a deep blue altar of Sif Muna.
  6409 | D:6      | Found a glowing silver altar of Zin.
  6464 | D:6      | Reached skill level 9 in Shields
  6472 | D:6      | Noticed Eustachio
  6500 | D:6      | Killed Eustachio
  6567 | D:6      | Noticed Edmund
  6587 | D:6      | Killed Edmund
  7292 | D:7      | Reached XP level 10. HP: 63/63 MP: 10/10
  7546 | D:8      | Found a blossoming altar of Fedhas.
  7553 | D:8      | Reached skill level 10 in Shields
  7818 | D:8      | Reached *** piety under Trog
  7961 | D:8      | Noticed Scuka's ghost (novice GrFi)
  7996 | D:8      | Killed Scuka's ghost
  8212 | D:8      | Noticed Psyche
  8238 | D:8      | Killed Psyche
  8565 | D:8      | Found Odghodeb's Gadget Emporium.
  8712 | D:9      | Noticed Prince Ribbit
  8714 | D:9      | Reached skill level 11 in Shields
  8721 | D:9      | Killed Prince Ribbit
  8757 | D:9      | Reached **** piety under Trog
  9122 | D:9      | Reached XP level 11. HP: 68/68 MP: 11/11
  9164 | D:10     | Entered Level 10 of the Dungeon
  9384 | D:9      | Found a snail-covered altar of Cheibriados.
  9555 | D:9      | Found Fafots's Assorted Antiques.
 10238 | D:10     | Noticed George's ghost (novice DECj)
 10256 | D:10     | Killed George's ghost
 10301 | D:10     | Reached ***** piety under Trog
 10654 | D:10     | Found a staircase to the Lair.
 10663 | D:10     | Noticed a hill giant
 10675 | D:10     | Killed a hill giant
 10675 | D:10     | Reached skill level 12 in Shields
 10796 | Lair:1   | Entered Level 1 of the Lair of Beasts
 11743 | Lair:1   | Reached XP level 12. HP: 76/76 MP: 12/12
 11746 | Lair:1   | Reached skill level 10 in Armour
 11860 | Lair:1   | Noticed a seven-headed hydra
 11877 | Lair:1   | Killed a seven-headed hydra
 11877 | Lair:1   | Reached skill level 10 in Maces & Flails
 11877 | Lair:1   | Reached skill level 13 in Shields
 12543 | Lair:2   | Noticed Harold
 12569 | Lair:2   | Killed Harold
 12569 | Lair:2   | Received a gift from Trog
 13062 | Lair:2   | Reached skill level 10 in Fighting
 13723 | Lair:3   | Reached skill level 14 in Shields
 14125 | Lair:3   | Reached XP level 13. HP: 72/83 MP: 13/13
 14355 | Lair:3   | Received a gift from Trog
 14656 | Lair:3   | Found a staircase to the Swamp.
 15611 | Lair:4   | Reached skill level 15 in Shields
 15812 | Lair:4   | Gained mutation: Your large and strong wings let you fly indefinitely. [Gargoyle growth]
 15812 | Lair:4   | Reached XP level 14. HP: 75/90 MP: 14/14
 16594 | Lair:5   | Found a hole to the Spider Nest.
 16894 | Spider:1 | Entered Level 1 of the Spider Nest
 17166 | Spider:1 | Reached skill level 16 in Shields
 17354 | Spider:1 | Identified a scroll of acquirement
 17461 | Spider:1 | Reached XP level 15. HP: 77/96 MP: 15/15
 17699 | Spider:2 | Noticed an emperor scorpion
 17849 | Spider:2 | Noticed Nikola
 18621 | Spider:2 | Killed Nikola
 19051 | Spider:2 | Killed an emperor scorpion
 19290 | Spider:2 | Killed a ghost moth
 19304 | Spider:2 | Received a gift from Trog
 19888 | Spider:2 | Killed a ghost moth
 19888 | Spider:2 | Reached skill level 17 in Shields
 20323 | Spider:3 | Noticed Jorgrun
 20349 | Spider:3 | Killed Jorgrun
 20647 | Spider:3 | HP: 1/97 [wolf spider (7)]
 20648 | Spider:3 | Slain by a redback

Skill      XL: |  1  2  3  4  5  6  7  8  9 10 11 12 13 14 15 |
---------------+----------------------------------------------+-----
Shields        | 4 5 6 8 9 11 12 14 15 16 17 | 17.3
Fighting       | 4 5 6 7 8 9 10 11 12 | 12.7
Maces & Flails | 3 4 5 7 8 9 10 12 13 | 13.8
Armour         | 4 5 6 7 8 9 10 11 12 | 12.5

Action                   |  1- 3 |  4- 6 |  7- 9 | 10-12 | 13-15 || total
-------------------------+-------+-------+-------+-------+-------++-------
Melee: Flail             |   110 |    59 |       |       |       ||   169
       Mace              |       |   112 |   496 |   927 |       ||  1535
       Eveningstar       |       |       |       |   262 |  1013 ||  1275
Throw: Tomahawk          |       |     3 |    26 |     5 |       ||    34
       Throwing net      |       |       |       |       |     1 ||     1
Invok: Berserk           |       |       |       |     6 |     4 ||    10
       Burn Spellbooks   |       |       |       |       |     1 ||     1
  Use: Potion            |       |     4 |     6 |       |     7 ||    17
       Scroll            |       |       |     2 |     3 |    13 ||    18
  Eat: Chunk             |       |     6 |    16 |    27 |    10 ||    59
       Bread ration      |       |       |       |     1 |       ||     1
       Fruit             |       |       |       |       |     6 ||     6
       Meat ration       |       |       |       |       |     2 ||     2
Armor: Chain mail        |    64 |    94 |   309 |   106 |       ||   573
       Scale mail        |     8 |       |       |       |       ||     8
       Plate armour      |       |       |       |   601 |   723 ||  1324
Dodge: Dodged            |    24 |    34 |   143 |   247 |   233 ||   681
Block: Shield            |    67 |    66 |   323 |   459 |       ||   915
       Large shield      |       |       |       |   549 |  1163 ||  1712
